 Dungeon Crawl Stone Soup version 0.27.0-1-g7a089689b8 (webtiles) character file.

Game seed: 15904451984448570507

42 horus123 the Bolt Thrower (level 3, -3/22 HPs)
             Began as a Kobold Hunter on Aug 8, 2021.
             Slain by a goblin (5 damage)
             ... led by Robin
             ... on level 2 of the Dungeon.
             The game lasted 00:03:26 (1047 turns).

horus123 the Bolt Thrower (Kobold Hunter)           Turns: 1047, Time: 00:03:27

Health: -3/22      AC:  8    Str:  9    XL:     3   Next: 77%
Magic:  3/3        EV: 14    Int: 12    God:
Gold:   86         SH:  0    Dex: 16    Spells: 2/2 levels left

rFire    . . .     SeeInvis .   b - +0 short sword
rCold    . . .     Faith    .   (shield restricted)
rNeg     . . .     Spirit   .   c - +0 leather armour
rPois    .         Reflect  .   k - +2 helmet
rElec    .         Harm     .   h - +1 cloak {rCorr}
rCorr    +         Rampage  .   (no gloves)
Will     .....                  (no boots)
Stlth    +++.......             (no amulet)
HPRegen  0.07/turn              (no ring)
MPRegen  0.08/turn              (no ring)

@: no status effects
A: small, no large weapons, nightstalker 3
a: no special abilities


You were on level 2 of the Dungeon.
You visited 1 branch of the dungeon, and saw 2 of its levels.

You collected 86 gold pieces.

Inventory:

Hand Weapons
 a - a +1 hand crossbow
 b - a +0 short sword (weapon)
Armour
 c - a +0 leather armour (worn)
 h - a +1 cloak of preservation (worn)
 k - a +2 helmet (worn)
Scrolls
 e - a scroll of vulnerability
 g - a scroll of identify
 j - a scroll of magic mapping {unknown}
 l - a scroll of teleportation {unknown}
Potions
 f - a potion of ambrosia
 i - a potion of brilliance
 m - a potion of heal wounds {unknown}


   Skills:
 + Level 2.5 Fighting
 * Level 5.8 Crossbows
 + Level 0.1 Armour
 + Level 2.6 Dodging
 * Level 1.8 Stealth


You had 2 spell levels left.
You didn't know any spells.
Your spell library contained the following spells:

 Spells                   Type           Power      Damage    Failure   Level
 Shock                    Conj/Air       0%         1d3       43%         1
 Passwall                 Tmut/Erth      0%         N/A       56%         2
 Swiftness                Air            0%         N/A       80%         3
 Airstrike                Air            0%         N/A       99%         4
 Invisibility             Hex            0%         N/A       100%        6


Dungeon Overview and Level Annotations

Branches:
Dungeon (2/15)

Altars:

Annotations:
D:2 Robin


Innate Abilities, Weirdness & Mutations

You are small and have problems with some larger weapons.
You are completely attuned to the shadows.


Message History

Robin closely misses you.
Unknown command.
Unknown command.
Unknown command.
Unknown command.
There are monsters nearby!
You completely miss Robin. The goblin hits you but does no damage.
The quokka bites you but does no damage.
The goblin misses you. Robin closely misses you.
You hit Robin.
Robin is moderately wounded.
The quokka bites you. The goblin barely misses you.
The goblin hits you but does no damage. Robin throws the goblin at you!
The quokka closely misses you.
You hit Robin but do no damage.
Robin is moderately wounded.
The goblin hits you with a +0 club. The goblin closely misses you.
The goblin hits you with a +0 club. The quokka barely misses you.
Robin hits you but does no damage. The goblin barely misses you.
The goblin closely misses you.
You hit Robin.
Robin is heavily wounded.
The quokka closely misses you. The goblin misses you. Robin misses you.
The goblin hits you but does no damage. The goblin barely misses you.
You hit Robin.
Robin is severely wounded.
The goblin no longer looks unusually strong.
The quokka closely misses you. The goblin hits you with a +0 club.
* * * LOW HITPOINT WARNING * * *
Robin hits you with a +0 dagger.
* * * LOW HITPOINT WARNING * * *
The goblin barely misses you. The goblin hits you with a +0 club.
* * * LOW HITPOINT WARNING * * *
You hit Robin but do no damage.
Robin is severely wounded.
The goblin no longer looks unusually strong.
The quokka bites you but does no damage.
The goblin hits you but does no damage. Robin closely misses you.
The goblin hits you with a +0 club.
You die...

..##...###.
#..#.#.....
##.#.#..##.#
...........#
...........##..!...(.
...........##......(.
#........)# #...(.(#
#.........# #..grg.#.
#.....†.).# #..)@g...
#....)...<# #....g..#
..........# #........
.##......## #........
#.........# #........
#..##......##.......
..##................
..##......#.........
#.##......#.........


You could see Robin, a quokka and 3 goblins.

Vanquished Creatures
  2 bats (D:1)
  2 endoplasms (D:1)
  A giant cockroach (D:1)
  6 goblins
  6 hobgoblins
  6 jackals (D:1)
  4 ball pythons (D:1)
  2 frilled lizards (D:1)
  4 kobolds
  3 rats
36 creatures vanquished.

Notes
Turn   | Place    | Note
-------+----------+-------------------------------------------
     0 | D:1      | horus123 the Kobold Hunter began the quest for the Orb.
     0 | D:1      | Reached XP level 1. HP: 12/12 MP: 1/1
    65 | D:1      | Reached skill level 5 in Crossbows
   192 | D:1      | Reached XP level 2. HP: 18/18 MP: 2/2
   327 | D:1      | Found a faded altar of an unknown god.
   540 | D:1      | Reached XP level 3. HP: 22/22 MP: 3/3
  1034 | D:2      | Noticed Robin
  1047 | D:2      | Slain by a goblin

Illustrated notes

Levels and vault maps discovered:
D:1:      dpeg_arrival_tiny_j, layout_basic,
          shapermc_ecumenical_altar_mp_vishouse
D:2:      layout_rooms, serial_shops, shop, minmay_misc_feat_columns,
          uniq_crazy_yiuf_cottage, uniq_robin

Skill      XL: |  1 |
---------------+----+-----
Crossbows      | 5 |  5.8
Fighting       | |  2.5
Armour         | |  0.1
Dodging        | |  2.6
Stealth        | |  1.8

Action                   || total
-------------------------++-------
Melee: Short sword       ||     6
 Fire: Hand crossbow     ||    81
  Use: Scroll            ||     3
Armor: Leather armour    ||    22
Dodge: Dodged            ||    66
